 Dungeon Crawl Stone Soup version 0.31.0-9-g3a7656b989 (webtiles) character file.

Game seed: 12087506646960952935

151 GordonOverkill the Sneak (level 5, 0/42 HPs)
             Began as a Formicid Delver on Jan 25, 2024.
             Slain by a steam dragon (3 damage)
             ... on level 6 of the Dungeon.
             The game lasted 00:01:43 (396 turns).

GordonOverkill the Sneak (Formicid Delver)           Turns: 396, Time: 00:01:44

Health: 0/42       AC:  3    Str: 19    XL:     5   Next: 59%
Magic:  5/5        EV: 12    Int:  9    God:
Gold:   48         SH:  0    Dex: 15    Spells: 4/4 levels left

rFire   . . .        a - +0 spear
rCold   . . .        (no shield)
rNeg    . . .        b - +0 leather armour
rPois   .            (helmet unavailable)
rElec   .            (no cloak)
rCorr   .            (no gloves)
SInv    +            (no boots)
Will    .....        (no amulet)
Stlth   +++          (no ring)
HPRegen 0.27/turn    (no ring)
MPRegen 0.09/turn

%: no passive effects
@: no status effects
A: permanent stasis, dig shafts and tunnels, antennae 3, four strong arms
a: Dig, Shaft Self


You were on level 6 of the Dungeon.
You visited 1 branch of the dungeon, and saw 2 of its levels.

You collected 48 gold pieces.

Inventory:

Hand Weapons
 a - a +0 spear (weapon)
Armour
 b - a +0 leather armour (worn)
Wands
 f - a wand of digging (3)
 h - a wand of paralysis (9)
Scrolls
 c - a scroll of fog
 d - a scroll of revelation
 e - a scroll of fear
 i - a scroll of identify {unknown}
Potions
 g - a potion of haste {unknown}


   Skills:
 - Level 4.0 Fighting
 + Level 5.0 Polearms
 - Level 1.7 Dodging
 - Level 6.0 Stealth


You had 4 spell levels left.
You didn't know any spells.
Your spell library contained the following spells:

 Spells                   Type           Power      Damage    Failure   Level
 Lesser Beckoning         Tloc           0%         N/A       58%         2
 Momentum Strike          Conj/Tloc      0%         3d8       58%         2
 Mephitic Cloud           Conj/Alch/Air  0%         N/A       82%         3
 Sticky Flame             Fire/Alch      0%         2d4       99%         4
 Summon Blazeheart Golem  Fire/Summ      0%         N/A       99%         4
 Eringya's Noxious Bog    Alch           0%         4d6       100%        6
 Blink                    Tloc           Unusable   N/A       N/A         2

Dungeon Overview and Level Annotations

Branches:
Dungeon (6/15)
 Temple: D:4-7

Altars:

Shops:
D:6 :


Innate Abilities, Weirdness & Mutations

You cannot be hasted, slowed, berserked, paralysed or teleported.
You can dig through walls and to a lower floor.
You have a pair of large antennae on your head. (SInv)
Your four strong arms can wield two-handed weapons with a shield.


Message History

Press: ? - help, Shift-Dir - straight line, f - steam dragon
Aim: a steam dragon (chance to affect: 49%)
The steam dragon suddenly stops moving!
You reach to attack!
The helpless steam dragon fails to defend itself.
You puncture the steam dragon!
The steam dragon is moderately wounded.
You reach to attack!
The helpless steam dragon fails to defend itself.
You puncture the steam dragon!
The steam dragon is severely wounded.
The helpless steam dragon fails to defend itself.
You hit the steam dragon.
The steam dragon is severely wounded.
The helpless steam dragon fails to defend itself.
You hit the steam dragon but do no damage.
The steam dragon is severely wounded.
The helpless steam dragon fails to defend itself.
You hit the steam dragon.
The steam dragon is severely wounded.
The steam dragon is no longer paralysed.
The steam dragon bites you. The steam dragon misses you.
You barely miss the steam dragon.
The steam dragon is severely wounded.
The steam dragon barely misses you. The steam dragon closely misses you.
You barely miss the steam dragon.
The steam dragon is severely wounded.
You barely miss the steam dragon.
The steam dragon is severely wounded.
The steam dragon breathes steam at you. The ball of steam hits you!
* * * LOW HITPOINT WARNING * * *
You hit the steam dragon but do no damage.
The steam dragon is severely wounded.
You are engulfed in a cloud of scalding steam.
* * * LOW HITPOINT WARNING * * *
The steam dragon bites you!
* * * LOW HITPOINT WARNING * * *
The steam dragon claws you.
You die...

######.#.# .. ######.#.#
.# ....##.#.### D#
###.##.....# .##
###.##.....# ..#
....##.....# #.#
..........<# #.# ##.
.....##....#######.#.....
.........#....ยงยง@D.....#
.....#############.##..#
.....# #... .# .......
####..# ......... ...
........... .. ..##......$
. .. #....... ## .......


You could see a steam dragon (catching breath).

Vanquished Creatures
  An ice beast (D:6)
  A scorpion (D:6)
2 creatures vanquished.

Notes
Turn   | Place    | Note
-------+----------+-------------------------------------------
     0 | D:5      | GordonOverkill the Formicid Delver began the quest for the
                  | Orb.
     0 | D:5      | Reached XP level 1. HP: 18/18 MP: 1/1
    61 | D:6      | Noticed an iguana
   100 | D:6      | Noticed an ice beast
   108 | D:6      | Noticed a scorpion
   123 | D:6      | Killed an ice beast
   124 | D:6      | Reached XP level 2. HP: 3/25 MP: 2/2
   124 | D:6      | Reached XP level 3. HP: 4/30 MP: 3/3
   124 | D:6      | Reached XP level 4. HP: 5/37 MP: 4/4
   131 | D:6      | Killed a scorpion
   132 | D:6      | Reached skill level 5 in Polearms
   132 | D:6      | Reached XP level 5. HP: 7/42 MP: 5/5
   261 | D:6      | Found Kebbyuzo's Book Shoppe.
   265 | D:6      | Got the Secrets of Changed Causimancy
   282 | D:6      | Noticed a steam dragon
   396 | D:6      | Slain by a steam dragon

Illustrated notes

Levels and vault maps discovered:
D:5:      layout_cave_pools, zin_angel, mainiacjoe_overflow_alcove_1
D:6:      layout_basic, serial_shops, shop, uniq_pikel

Skill      XL: |  1  2  3  4 |
---------------+-------------+-----
Fighting       | 4 |  4.0
Polearms       | 4 5 |  5.0
Dodging        | |  1.7
Stealth        | |  6.0

Action                     |  1- 3 |  4- 6 || total
---------------------------+-------+-------++-------
  Melee: Spear             |    13 |    17 ||    30
  Evoke: Wand              |     4 |     1 ||     5
   Stab: Paralysed         |    13 |    13 ||    26
 Armour: Leather armour    |     4 |     6 ||    10
  Dodge: Dodged            |     2 |     3 ||     5
